 Dungeon Crawl Stone Soup version 0.20.1-1-g8b1a95d (webtiles) character file.

399 myopia the Chopper (level 6, -2/44 HPs)
             Began as a Demonspawn Gladiator on Jan 3, 2018.
             Killed by divine providence
             ... invoked by an orc priest
              (16 damage)
             ... on level 4 of the Dungeon.
             The game lasted 00:12:40 (2765 turns).

myopia the Chopper (Demonspawn Gladiator)           Turns: 2765, Time: 00:12:41

Health: -2/44      AC:  6    Str: 14    XL:     6   Next: 53%
Magic:  6/6        EV: 13    Int:  9    God:
Gold:   71         SH:  0    Dex: 17    Spells: 5/5 levels left

rFire    . . .     SeeInvis .   s - +2 battleaxe (elec)
rCold    . . .     Gourm    .   (shield currently unavailable)
rNeg     + . .     Faith    .   b - +0 leather armour
rPois    .         Spirit   .   c - +1 helmet
rElec    .         Reflect  .   r - +0 cloak {MR+}
rCorr    .         Harm     .   (no gloves)
MR       ++...                  (no boots)
Stlth    +.........             (no amulet)
Regen    0.2/turn               m - ring of protection from magic
MPRegen  0.1/turn               e - ring of positive energy

@: no status effects
A: hooves 1, powered by death 1
a: no special abilities


You were on level 4 of the Dungeon.
You were not hungry.

You visited 1 branch of the dungeon, and saw 4 of its levels.

You collected 71 gold pieces.

Inventory:

Hand Weapons
 a - a +0 flail
 s - a +2 battleaxe of electrocution (weapon)
 w - a cursed -1 whip
Missiles
 d - 5 throwing nets (quivered)
 j - 2 javelins
 z - 4 poisoned needles
 A - 20 arrows
Armour
 b - a +0 leather armour (worn)
 c - a +1 helmet (worn)
 l - a scarf of spirit shield
 r - a +0 cloak of magic resistance (worn)
 v - a +0 chain mail
Jewellery
 e - a ring of positive energy (right hand)
 m - a ring of protection from magic (left hand)
 y - a +2 ring of intelligence
Scrolls
 g - 4 scrolls of identify
 h - 2 scrolls of magic mapping
 i - a scroll of fog
 k - a scroll of amnesia
 n - 2 scrolls of noise
 o - a scroll of recharging
Potions
 u - a potion of curing
Comestibles
 f - 3 bread rations
 p - 3 fruits
 t - 2 royal jellies


   Skills:
 - Level 2.0 Fighting
 + Level 5.4(6.0) Axes
 - Level 3.8(5.2) Maces & Flails
 - Level 1.7 Throwing
 - Level 2.6 Dodging


You had 5 spell levels left.
You didn't know any spells.

Dungeon Overview and Level Annotations

Branches:
Dungeon (4/15)
 Temple: D:4-7

Altars:


Innate Abilities, Weirdness & Mutations

You have large cloven feet.
You regenerate a little health from kills.


Message History

You are electrocuted!
* * * LOW HITPOINT WARNING * * *
You barely miss the orc priest.
The orc priest is heavily wounded.
The orc priest mumbles some strange prayers to Beogh against you.
You resist with almost no effort.
The orc priest hits you but does no damage.
You feel better. The orc priest misses you.
You barely miss the orc priest.
You kick the orc priest, but do no damage.
The orc priest is heavily wounded.
The orc priest closely misses you.
You barely miss the orc priest. You kick the orc priest.
The orc priest is severely wounded.
The orc priest closely misses you.
You closely miss the orc priest. You kick the orc priest.
The orc priest is severely wounded.
The orc priest calls down the wrath of Beogh upon you.
Beogh smites you!
You die...

####.##### #.
#.......## #.
#.).....## #. .
#.......## #. .
#....<..## #. .#
#.......## #) .#
#.......## #o###.#
#.......#
#)@...#.###########
#.......# #..
###.##### #.# #.#
####.# #.######
#.....
#......#####.##.#
######>.........#
#######.#### #.####


You could see an orc priest.

Vanquished Creatures
  A phantom (D:4)
  A big kobold (D:3)
  An orc priest (D:4)
  A bullfrog skeleton (D:4)
  Crazy Yiuf (D:3)
  4 gnolls (D:4)
  4 adders
  An adder skeleton (D:4)
  2 dart slugs
  A leopard gecko (D:2)
  8 orcs
  5 bats
  2 giant cockroaches (D:1)
  10 hobgoblins
  A quokka (D:2)
  A ball python (D:3)
  9 frilled lizards
  8 goblins
  8 kobolds (D:3)
  3 rats (D:3)
72 creatures vanquished.

Notes
Turn   | Place    | Note
-------+----------+-------------------------------------------
     0 | D:1      | myopia the Demonspawn Gladiator began the quest for the Orb.
     0 | D:1      | Reached XP level 1. HP: 16/16 MP: 1/1
   122 | D:1      | Gained mutation: You have large cloven feet. [demonic ancestry]
   122 | D:1      | Reached XP level 2. HP: 7/22 MP: 2/2
   580 | D:2      | HP: 1/22 [poisoned by an adder]
   870 | D:2      | Reached XP level 3. HP: 26/27 MP: 3/3
  1238 | D:3      | Reached skill level 1 in Axes
  1622 | D:3      | Reached skill level 2 in Axes
  1633 | D:3      | Gained mutation: You regenerate a little health from kills. [demonic ancestry]
  1633 | D:3      | Reached XP level 4. HP: 25/33 MP: 4/4
  1824 | D:3      | Noticed a big kobold
  2007 | D:3      | Killed a big kobold
  2007 | D:3      | Reached skill level 3 in Axes
  2007 | D:3      | Reached XP level 5. HP: 25/38 MP: 3/5
  2252 | D:3      | Found a runed door.
  2256 | D:3      | Noticed Crazy Yiuf
  2261 | D:3      | Killed Crazy Yiuf
  2261 | D:3      | Reached skill level 4 in Axes
  2417 | D:4      | Noticed a phantom
  2435 | D:4      | Killed a phantom
  2435 | D:4      | Reached XP level 6. HP: 35/44 MP: 6/6
  2464 | D:4      | Reached skill level 5 in Axes
  2760 | D:4      | HP: 2/44 [orc priest/dagger of electrocution (17)]
  2765 | D:4      | Killed from afar by an orc priest

Skill      XL: |  1  2  3  4  5  6 |
---------------+-------------------+-----
Maces & Flails | 3 |  3.8
Axes           | 2 3 4 5 |  5.4
Fighting       | |  2.0
Throwing       | |  1.7
Dodging        | |  2.6

Action                   |  1- 3 |  4- 6 || total
-------------------------+-------+-------++-------
Melee: Flail             |    41 |       ||    41
       Kick              |    11 |    23 ||    34
       Battleaxe         |    53 |    88 ||   141
Throw: Throwing net      |       |     1 ||     1
  Use: Potion            |     2 |     1 ||     3
       Scroll            |       |     9 ||     9
  Eat: Chunk             |     2 |     4 ||     6
Armor: Leather armour    |    38 |    20 ||    58
Dodge: Dodged            |    59 |    61 ||   120
